 Dungeon Crawl Stone Soup version 0.31.0-12-g77e489cdc1 (webtiles) character file.

Game seed: 5297365003455739955

49375 gohu the Earth Mage (level 14, -2/91 HPs)
             Began as a Gargoyle Earth Elementalist on Feb 25, 2024.
             Was a High Priest of Vehumet.
             Slain by a death yak (14 damage)
             ... on level 5 of the Lair of Beasts.
             The game lasted 00:53:44 (19390 turns).

gohu the Earth Mage (Gargoyle Earth Elementalist)  Turns: 19390, Time: 00:53:44

Health: -2/91      AC: 23    Str: 17    XL:     14   Next: 50%
Magic:  6/37       EV: 13    Int: 29    God:    Vehumet [*****.]
Gold:   227        SH:  0    Dex: 12    Spells: 17/33 levels left

rFire   . . .        T - +6 short sword of the Dwarven Hall {drain, rN+ MP+9 Str+3 Dex+2}
rCold   . . .        (no shield)
rNeg    + + .        c - +0 ring mail of Powkeep {+Inv Int+4}
rPois   ∞            W - +2 hat
rElec   +            w - +0 cloak
rCorr   .            V - +0 pair of gloves
SInv    .            J - +1 pair of boots
Will    ++...        (no amulet)
Stlth   +            t - +6 ring of intelligence
HPRegen 0.35/turn    K - ring of willpower
MPRegen 0.25/turn

%: no passive effects
@: flying
A: sickness immunity, AC +10, big wings, negative energy resistance 1,
electricity resistance, torment resistance 1, petrification resistance
a: Renounce Religion, Evoke Invisibility


You were on level 5 of the Lair of Beasts.
You worshipped Vehumet.
Vehumet was extremely pleased with you.
You visited 3 branches of the dungeon, and saw 17 of its levels.
You also visited: Sewer.

You collected 899 gold pieces.
You spent 672 gold pieces at shops.

Inventory:

Hand Weapons
 h - a +1 short sword
 r - a +0 sling of draining
 T - the +6 short sword of the Dwarven Hall (weapon) {drain, rN+ MP+9 Str+3 Dex+2}
   (You found it on level 11 of the Dungeon)

   Str+3:     It affects your strength (+3).
   Dex+2:     It affects your dexterity (+2).
   rN+:       It protects you from negative energy.
   MP+9:      It affects your magic capacity (+9).
Missiles
 p - 12 boomerangs (quivered)
Armour
 a - a +0 robe
 c - the +0 ring mail of Powkeep (worn) {+Inv Int+4}
   (You found it on level 5 of the Lair of Beasts)

   Int+4:     It affects your intelligence (+4).
   +Inv:      It lets you turn invisible.
 w - a +0 cloak (worn)
 I - a +1 hat
 J - a +1 pair of boots (worn)
 O - a +1 leather armour of fire resistance
 P - a +0 troll leather armour
 Q - a scarf of resistance
 V - a +0 pair of gloves (worn)
 W - a +2 hat (worn)
Jewellery
 t - a +6 ring of intelligence (left hand)
 v - a ring of positive energy
 y - a ring of protection from fire
 G - a ring of positive energy
 K - a ring of willpower (right hand)
 X - a ring of see invisible
Wands
 s - a wand of flame (15)
 u - a wand of light (4)
 C - a wand of charming (23)
 F - a wand of mindburst (2)
 R - a wand of iceblast (10)
Scrolls
 d - 3 scrolls of amnesia
 e - a scroll of torment
 j - 2 scrolls of blinking
 l - 9 scrolls of teleportation {unknown}
 n - 3 scrolls of revelation
 q - 3 scrolls of vulnerability
 x - 2 scrolls of enchant weapon
 B - a scroll of summoning
 E - 4 scrolls of fog
 H - 6 scrolls of immolation {unknown}
 L - a scroll of fear
 N - a scroll of silence
Potions
 b - 2 potions of magic
 f - 3 potions of mutation
 g - 2 potions of heal wounds
 i - 2 potions of might
 k - 3 potions of brilliance
 m - a potion of cancellation
 o - a potion of haste
 z - 2 potions of lignification
 A - a potion of invisibility {unknown}
 D - 4 potions of curing {unknown}
 M - a potion of ambrosia {unknown}
 S - a potion of degeneration {unknown}
 Y - 2 potions of enlightenment
 Z - a potion of attraction {unknown}
Miscellaneous
 U - a condenser vane


   Skills:
 + Level 11.8 Fighting
 + Level 5.4 Throwing
 + Level 6.3 Armour
 - Level 6.0 Dodging
 - Level 2.1 Stealth
 + Level 10.1 Spellcasting
 - Level 9.1 Conjurations
 * Level 17.2 Earth Magic
 + Level 3.0 Evocations


You had 17 spell levels left.
You knew the following spells:

 Your Spells              Type           Power      Damage    Failure   Level
a - Sandblast             Erth           100%       2d20      0%          1
b - Stone Arrow           Conj/Erth      100%       3d13      1%          3
c - Brom's Barrelling Bo  Conj/Erth      74%        2d9       1%          4
d - Passwall              Erth           85%        N/A       0%          3
e - Borgnjor's Vile Clut  Necr/Erth      29%        N/A       4%          5

Your spell library contained the following spells:

 Spells                   Type           Power      Damage    Failure   Level
 Irradiate                Conj/Alch      20%        3d18      7%          5
 Sting                    Conj/Alch      100%       1d9       1%          1
 Dazzling Flash           Conj/Hex       82%        N/A       1%          3
 Mephitic Cloud           Conj/Alch/Air  32%        N/A       1%          3
 Animate Armour           Summ/Erth      100%       N/A       1%          4
 Petrify                  Alch/Erth      59%        N/A       1%          4
 Mercury Vapours          Alch/Air       28%        N/A       2%          2
 Slow                     Hex            56%        N/A       6%          1
 Freezing Cloud           Conj/Ice/Air   16%        6-21      13%         5
 Ignite Poison            Fire/Alch      14%        N/A       16%         4
 Olgreb's Toxic Radiance  Alch           14%        N/A       16%         4
 Call Canine Familiar     Summ           14%        N/A       19%         3
 Confusing Touch          Hex            14%        N/A       19%         3
 Sigil of Binding         Hex            14%        N/A       19%         3
 Summon Ice Beast         Ice/Summ       14%        N/A       19%         3
 Vampiric Draining        Necr           14%        2d7       19%         3
 Animate Dead             Necr           14%        N/A       52%         4
 Dimensional Bullseye     Hex/Tloc       7%         N/A       52%         4
 Manifold Assault         Tloc           14%        N/A       52%         4
 Shatter                  Erth           42%        3d33*     77%         9
 Curse of Agony           Necr           14%        N/A       86%         5
 Silence                  Hex/Air        7%         N/A       86%         5
 Summon Mana Viper        Hex/Summ       14%        N/A       86%         5
 Death Channel            Necr           7%         N/A       100%        6
 Dispersal                Tloc           7%         N/A       100%        6
 Sculpt Simulacrum        Ice/Alch       7%         N/A       100%        6
 Monstrous Menagerie      Summ           7%         N/A       100%        7
 Ozocubu's Refrigeration  Ice            7%         4d9       100%        7
 Disjunction              Tloc           7%         N/A       100%        8
 Polar Vortex             Ice            7%         N/A       100%        9
 Cigotuvi's Dreadful Rot  Necr/Alch/Air  Unusable   N/A       N/A         2

Dungeon Overview and Level Annotations

Branches:
Dungeon (11/15)            Temple (1/1) D:4            Lair (5/5) D:10
  Swamp (0/4) Lair:3       Spider (0/4) Lair:3        Slime (0/5) Lair:5
    Orc (0/2) D:9           Sewer (visited)

Altars:
Ashenzari
Cheibriados
Dithmenos
Elyvilon
Fedhas
Gozag
Hepliaklqana
Kikubaaqudgha
Makhleb
Nemelex Xobeh
Okawaru
Qazlal
Ru
Sif Muna
Trog
Uskayaw
Vehumet
Wu Jian
Xom
Yredelemnul
Zin
The Shining One

Shops:
D:5 *


Innate Abilities, Weirdness & Mutations

You are immune to sickness and miasma.
Your stone body is resilient. (AC +10)
You are immune to poison.
Your large and strong wings let you fly.
You resist negative energy. (rN+)
You are resistant to electric shocks. (rElec)
You are resistant to unholy torment.
You are immune to petrification.


Message History

Casting: Stone Arrow (safe; 1% risk of failure)
Confirm with . or Enter, or press ? or * to list all spells.
Aiming: Sandblast (safe; 0% risk of failure)
Press: ? - help, Shift-Dir - straight line, f/p - death yak
Aim: a death yak (almost dead, 95% to hit)
The blast of sand hits the death yak!
You kill the death yak!
Vehumet accepts your kill.
You feel your power returning. The death yak gores you!
Casting: Sandblast (safe; 0% risk of failure)
Confirm with . or Enter, or press ? or * to list all spells.
Aiming: Sandblast (safe; 0% risk of failure)
Press: ? - help, Shift-Dir - straight line, f - death yak
Aim: a death yak (heavily wounded, 95% to hit)
The blast of sand hits the death yak.
The death yak is heavily wounded.
The death yak gores you but does no damage.
The death yak gores you!
Casting: Sandblast (safe; 0% risk of failure)
Confirm with . or Enter, or press ? or * to list all spells.
Aiming: Sandblast (safe; 0% risk of failure)
Press: ? - help, Shift-Dir - straight line, f/p - death yak
Aim: a death yak (heavily wounded, 95% to hit)
The blast of sand hits the death yak!
The death yak is heavily wounded.
The death yak gores you but does no damage.
The death yak attacks as it pursues you!
The death yak gores you!
* * * LOW HITPOINT WARNING * * *
Casting: Sandblast (safe; 0% risk of failure)
Confirm with . or Enter, or press ? or * to list all spells.
Aiming: Sandblast (safe; 0% risk of failure)
Press: ? - help, Shift-Dir - straight line, f/p - death yak
Aim: a death yak (heavily wounded, 95% to hit)
The blast of sand hits the death yak!!
The death yak is almost dead.
The death yak gores you!
* * * LOW HITPOINT WARNING * * *
The death yak gores you!
You die...

##..# ..÷. .# #..##
#...# .# #.P.# ....##.#
##.†## ....#.# ##.†###
..Y..## ##...### ÷...P#
#.....### ###.P..##
##......#######.......#
##♣.÷..@Y†.....##P.###
#...........## ###
#######...P## ######


You could see a death yak.

Vanquished Creatures
  Gastronok (Lair:3)
  6 hydras
  2 catoblepae
  8 death yaks
  A two-headed ogre (D:10)
  2 skysharks
  A swamp dragon (Lair:3)
  17 elephants
  4 black mambas
  4 centaur zombies (D:10)
  13 cane toads
  A torpor snail (Lair:5)
  2 rime drakes (Lair:3)
  17 komodo dragons
  4 trolls
  2 polar bears (Lair:2)
  13 blink frogs
  11 dream sheep
  A meliai zombie (D:10)
  34 yaks
  2 shadows (D:10)
  3 wraiths (D:10)
  3 wyverns
  Grum (D:9)
  A steam dragon (D:9)
  8 water moccasins
  2 sky beasts (D:7)
  2 ice beasts
  7 black bears
  4 orc warriors
  6 ogres
  16 wolves
  A centaur (D:7)
  2 phantoms
  A kobold brigand (D:7)
  2 brain worms (Sewer)
  Blork the orc (D:5)
  7 bullfrogs
  5 scorpions
  2 gnoll sergeants
  5 wights (D:9)
  15 killer bees
  5 howler monkeys
  3 hounds
  A gnoll bouda (D:6)
  5 jellies
  8 orc priests
  8 iguanas
  10 orc wizards
  A hell rat (Lair:2)
  12 gnolls
  11 adders
  A river rat (Sewer)
  A shadow imp (D:7)
  2 ufetubi (D:6)
  2 dart slugs (D:4)
  5 ribbon worms
  32 orcs
  7 ball pythons
  10 endoplasms
  9 giant cockroaches
  4 goblins
  5 hobgoblins
  2 jackals (D:1)
  12 kobolds
  4 quokkas
  5 bats
  7 frilled lizards
  12 rats
424 creatures vanquished.

Vanquished Creatures (collateral kills)
  A boulder (Lair:4)
1 creature vanquished.

Vanquished Creatures (others)
  4 boulders
4 creatures vanquished.

Grand Total: 429 creatures vanquished

Notes
Turn   | Place    | Note
-------+----------+-------------------------------------------
     0 | D:1      | gohu the Gargoyle Earth Elementalist began the quest for
                  | the Orb.
     0 | D:1      | Reached XP level 1. HP: 10/10 MP: 3/3
    93 | D:1      | Reached skill level 4 in Earth Magic
   136 | D:1      | Reached XP level 2. HP: 15/15 MP: 0/5
   968 | D:2      | Reached XP level 3. HP: 19/19 MP: 3/6
   973 | D:2      | Reached skill level 5 in Earth Magic
  1370 | D:3      | Learned a level 3 spell: Stone Arrow
  1534 | D:3      | Found a glowing drain.
  1591 | Sewer    | Entered a sewer
  1602 | Sewer    | Reached XP level 4. HP: 24/24 MP: 0/7
  1762 | Sewer    | Noticed a brain worm
  1787 | Sewer    | Killed a brain worm
  1788 | Sewer    | Reached skill level 1 in Fighting
  1788 | Sewer    | Reached XP level 5. HP: 18/29 MP: 2/8
  2066 | Sewer    | Reached XP level 6. HP: 27/35 MP: 3/10
  2401 | D:3      | Noticed an ice beast
  2656 | D:3      | Reached skill level 6 in Earth Magic
  2682 | D:3      | Killed an ice beast
  2944 | D:4      | Reached XP level 7. HP: 33/40 MP: 6/11
  3078 | D:4      | Reached skill level 5 in Conjurations
  3270 | D:3      | HP: 2/41 [hound (3)]
  3406 | D:4      | Found a staircase to the Ecumenical Temple.
  3419 | Temple   | Entered the Ecumenical Temple
  3443 | Temple   | Became a worshipper of Vehumet
  3496 | D:4      | Learned a level 4 spell: Brom's Barrelling Boulder
  3500 | D:4      | Learned a level 3 spell: Passwall
  3609 | D:4      | Reached XP level 8. HP: 44/48 MP: 8/13
  3914 | D:4      | Reached skill level 7 in Earth Magic
  4057 | D:5      | Entered Level 5 of the Dungeon
  4148 | D:5      | Found Raokh's Elemental Accessories.
  4339 | D:5      | Noticed Blork the orc
  4346 | D:5      | Killed Blork the orc
  4831 | D:5      | Reached * piety under Vehumet
  4831 | D:5      | Offered knowledge of Sting by Vehumet.
  5146 | D:6      | Reached XP level 9. HP: 53/53 MP: 12/16
  5206 | D:6      | Reached skill level 5 in Fighting
  5276 | D:6      | Reached skill level 8 in Earth Magic
  5582 | D:6      | Reached skill level 5 in Spellcasting
  6063 | D:7      | Offered knowledge of Kiss of Death by Vehumet.
  6731 | D:7      | Reached ** piety under Vehumet
  7521 | D:8      | Found a burning altar of Makhleb.
  7679 | D:8      | Offered knowledge of Frozen Ramparts by Vehumet.
  7680 | D:8      | Reached skill level 9 in Earth Magic
  7682 | D:8      | Reached XP level 10. HP: 4/61 MP: 13/18
  8571 | D:9      | Noticed Grum
  8580 | D:9      | Killed Grum
  8581 | D:9      | Reached skill level 10 in Earth Magic
  8582 | D:9      | Reached *** piety under Vehumet
  8842 | D:9      | Found a staircase to the Orcish Mines.
  9175 | D:10     | Entered Level 10 of the Dungeon
  9362 | D:10     | Reached skill level 11 in Earth Magic
  9561 | D:10     | Reached XP level 11. HP: 68/68 MP: 15/21
  9675 | D:10     | Found a staircase to the Lair.
  9772 | D:10     | Offered knowledge of Hailstorm by Vehumet.
  9982 | D:10     | Reached skill level 12 in Earth Magic
 10351 | D:10     | Noticed a two-headed ogre
 10355 | D:10     | Killed a two-headed ogre
 10500 | D:11     | Reached **** piety under Vehumet
 10534 | D:11     | Identified the +6 short sword of the Dwarven Hall {drain,
                  | rN+ MP+9 Str+3 Dex+2}
 10673 | Lair:1   | Entered Level 1 of the Lair of Beasts
 10705 | Lair:1   | Reached skill level 5 in Dodging
 10741 | Lair:1   | Reached skill level 13 in Earth Magic
 10783 | Lair:1   | Offered knowledge of Airstrike by Vehumet.
 10846 | Lair:1   | Reached XP level 12. HP: 24/76 MP: 24/24
 11043 | Lair:1   | Noticed a skyshark
 11047 | Lair:1   | Killed a skyshark
 11211 | Lair:1   | Noticed a death yak
 11211 | Lair:1   | Noticed a death yak
 11229 | Lair:1   | Noticed a death yak
 11231 | Lair:1   | Killed a death yak
 11256 | Lair:1   | Killed a death yak
 11400 | Lair:1   | Reached skill level 14 in Earth Magic
 11698 | Lair:1   | Killed a death yak
 12293 | Lair:2   | Noticed a four-headed hydra
 12295 | Lair:2   | Reached skill level 1 in Armour
 12297 | Lair:2   | Killed a four-headed hydra
 12298 | Lair:2   | Reached skill level 10 in Fighting
 12298 | Lair:2   | Reached skill level 1 in Throwing
 12541 | Lair:2   | Noticed a skyshark
 12541 | Lair:2   | Noticed a catoblepas
 12560 | Lair:2   | Killed a catoblepas
 12562 | Lair:2   | Killed a skyshark
 12637 | Lair:2   | Noticed a seven-headed hydra
 12644 | Lair:2   | Killed a seven-headed hydra
 12712 | Lair:2   | Reached skill level 15 in Earth Magic
 12953 | D:5      | Bought Xeregg's Spellbook of Silt for 672 gold pieces
 13189 | Lair:2   | Reached XP level 13. HP: 83/83 MP: 24/25
 13548 | Lair:3   | Reached ***** piety under Vehumet
 13711 | Lair:2   | Offered knowledge of Eringya's Noxious Bog by Vehumet.
 13728 | Lair:3   | Noticed Gastronok
 13911 | Lair:3   | Killed Gastronok
 14442 | Lair:3   | Found a staircase to the Swamp.
 14574 | Lair:3   | Found a hole to the Spider Nest.
 15433 | Lair:4   | Reached skill level 16 in Earth Magic
 16417 | Lair:5   | Entered Level 5 of the Lair of Beasts
 16637 | Lair:5   | Identified the +0 ring mail of Powkeep {+Inv Int+4}
 16687 | Lair:5   | Reached skill level 5 in Armour
 16854 | Lair:4   | Reached skill level 1 in Evocations
 17373 | Lair:4   | Gained mutation: Your large and strong wings let you fly.
                  | [Gargoyle growth]
 17373 | Lair:4   | Reached XP level 14. HP: 31/90 MP: 24/27
 18064 | Lair:5   | Reached skill level 5 in Throwing
 18078 | Lair:5   | Reached skill level 10 in Spellcasting
 18511 | Lair:5   | Reached skill level 17 in Earth Magic
 18662 | Lair:5   | Offered knowledge of Irradiate by Vehumet.
 18725 | Lair:5   | Learned a level 5 spell: Borgnjor's Vile Clutch
 18762 | Lair:5   | Found a staircase to the Slime Pits.
 19390 | Lair:5   | Slain by a death yak

Illustrated notes

Levels and vault maps discovered:
D:1:      spicycebolla_arrival_clurvy, layout_rooms,
          chequers_serial_rivers_room_b
D:2:      layout_basic, nicolae_figureground_sparkle
D:3:      minmay_recursive_quarters, layout_rooms, gup_sewer_entry_bubbles
D:4:      layout_loops_ring, minmay_temple_entry_statues_fountains
D:5:      layout_loops_ring, nicolae_elemental_shop, minmay_misc_feat_roman,
          uniq_blork_the_orc
D:6:      layout_gridville
D:7:      layout_basic
D:8:      layout_basic, lightli_temple_of_fire, minmay_misc_feat_rugged,
          kennysheep_boxes
D:9:      layout_basic, orc_0_dummy, uniq_grum
D:10:     layout_grid_maze, lair_entry_dummy, serial_undead, serial_undead_a,
          serial_undead_b, serial_undead_b, serial_undead_e
D:11:     layout_rooms
Temple:   roderic_octagonal_lattice_temple
Lair:1:   layout_cave_pods, beast_lair_carwin_1
Lair:2:   layout_cave_shapes, chequers_serial_rivers_micro_b, st_stairs_9
Lair:3:   layout_misc_corridors, mainiacjoe_swamp_entry_lozenge_pond,
          nicolae_spider_entry_non_spiders, uniq_gastronok
Lair:4:   layout_cave_pods, ldierk_geyser, beast_lair_carwin_3
Lair:5:   grunt_lair_end_beastmaster, layout_misc_corridors, slime_entry_2,
          serial_forest, infiniplex_forest_diagonal,
          infiniplex_forest_clump_small, infiniplex_forest_corner_1,
          infiniplex_forest_clump_medium, infiniplex_forest_clump_C,
          infiniplex_forest_clump_diagonal, lemuel_fruit_tree

Skill      XL: |  1  2  3  4  5  6  7  8  9 10 11 12 13 14 |
---------------+-------------------------------------------+-----
Earth Magic    | 4 5 6 7 9 11 13 15 16 17 | 17.2
Fighting       | 1 2 3 4 6 7 9 10 11 | 11.8
Conjurations   | 2 3 4 5 7 9 |  9.1
Spellcasting   | 3 4 5 6 8 9 10 | 10.1
Dodging        | 3 5 6 |  6.0
Armour         | 2 5 6 |  6.3
Throwing       | 2 4 5 |  5.4
Evocations     | 1 3 |  3.0
Stealth        | |  2.1

Action                     |  1- 3 |  4- 6 |  7- 9 | 10-12 | 13-15 || total
---------------------------+-------+-------+-------+-------+-------++-------
  Melee: Short sword       |     5 |    10 |       |       |     8 ||    23
         Sling             |       |       |     1 |       |       ||     1
   Fire: Sling             |       |     8 |    20 |    25 |       ||    53
  Throw: Dart              |       |     3 |     5 |       |       ||     8
         Boomerang         |       |       |       |     6 |    29 ||    35
   Cast: Sandblast         |    61 |    61 |   177 |   219 |    69 ||   587
         Stone Arrow       |       |       |    12 |   117 |   310 ||   439
         Brom's Barrelling |       |       |     2 |       |     4 ||     6
         Borgnjor's Vile C |       |       |       |       |     4 ||     4
  Evoke: Wand              |       |       |     4 |     3 |     1 ||     8
    Use: Scroll            |     5 |       |     5 |     3 |     2 ||    15
         Potion            |       |       |     5 |     1 |     2 ||     8
 Armour: Robe              |    17 |    14 |   101 |    11 |       ||   143
         Troll leather arm |       |       |       |   185 |    56 ||   241
         Ring mail         |       |       |       |       |   192 ||   192
  Dodge: Dodged            |    16 |    14 |    67 |   127 |   176 ||   400
